 Dungeon Crawl Stone Soup version 0.31-a0-986-g5e6e4ef867 (webtiles) character file.

Game seed: 17592387791657640805

2464 mattiecakes the Covered (level 9, -1/51 HPs)
             Began as a Gargoyle Fighter on Nov 14, 2023.
             Was a Priest of Hepliaklqana.
             Slain by a wight
             ... wielding a +2 spear
              (5 damage)
             ... on level 7 of the Dungeon.
             The game lasted 00:14:08 (6061 turns).

mattiecakes the Covered (Gargoyle Fighter)          Turns: 6061, Time: 00:14:09

Health: -1/51      AC: 19    Str: 24    XL:     9   Next: 50%
Magic:  10/10      EV:  9    Int:  9    God:    Hepliaklqana [***...]
Gold:   273        SH:  5    Dex: 12    Spells: 8/8 levels left

rFire   + . .        p - +8 hand axe "Qoulor" {flame, rC+ rCorr Dex-3 SInv}
rCold   + . .        c - +0 buckler
rNeg    + . .        u - +1 scale mail of Entitlement {rF+ Slay+3 Stlth+}
rPois   ∞            m - +0 helmet
rElec   +            (no cloak)
rCorr   +            (no gloves)
SInv    +            b - +1 pair of boots {rampage}
Will    +....        (no amulet)
Stlth   +            f - +6 ring of dexterity
HPRegen 0.28/turn    r - ring of willpower
MPRegen 0.12/turn

%: rampage
@: no status effects
A: reduced essence, sickness immunity, AC +6, negative energy resistance 1,
electricity resistance, torment resistance 1, petrification resistance
a: Renounce Religion, Recall Ancestor, Ancestor Identity, Transference


You were on level 7 of the Dungeon.
You worshipped Hepliaklqana.
Hepliaklqana was most pleased with you.
You visited 1 branch of the dungeon, and saw 7 of its levels.

You collected 351 gold pieces.
You spent 78 gold pieces at shops.

Inventory:

Hand Weapons
 a - a +0 war axe
 p - the +8 hand axe "Qoulor" (weapon) {flame, rC+ rCorr Dex-3 SInv}
   (You found it on level 5 of the Dungeon)

   Dex-3:     It affects your dexterity (-3).
   rC+:       It protects you from cold.
   SInv:      It lets you see invisible.
   rCorr:     It protects you from acid and corrosion.
Armour
 b - a +1 pair of boots of rampaging (worn)
 c - a +0 buckler (worn)
 l - a +0 plate armour
 m - a +0 helmet (worn)
 u - the +1 scale mail of Entitlement (worn) {rF+ Slay+3 Stlth+}
   (You found it on level 4 of the Dungeon)

   Slay+3:    It affects your accuracy & damage with ranged weapons and melee
   (+3).
   rF+:       It protects you from fire.
   Stlth+:    It makes you more stealthy.
Jewellery
 f - a +6 ring of dexterity (left hand)
 r - a ring of willpower (right hand)
 v - a +6 ring of intelligence
 x - a ring of fire
Wands
 d - a wand of iceblast (6)
 t - a wand of flame (5)
Scrolls
 e - a scroll of amnesia
 g - 2 scrolls of poison
 n - 2 scrolls of teleportation
 s - a scroll of revelation {unknown}
Potions
 h - 2 potions of brilliance
 i - a potion of magic
 j - 3 potions of invisibility
 k - 3 potions of lignification
 o - a potion of mutation {unknown}
 q - 2 potions of heal wounds
 w - a potion of resistance {unknown}


   Skills:
 + Level 7.5 Fighting
 + Level 5.8 Axes
 + Level 7.5 Armour
 + Level 7.4 Shields
 + Level 2.4 Invocations


You had 8 spell levels left.
You didn't know any spells.
Your spell library contained the following spells:

 Spells                   Type           Power      Damage    Failure   Level
 Necrotise                Necr           0%         1d4       71%         1
 Sting                    Tmut/Pois      0%         1d3       71%         1
 Poisonous Vapours        Pois/Air       0%         N/A       85%         2
 Ignite Poison            Fire/Tmut/Pois 0%         N/A       97%         3
 Mephitic Cloud           Conj/Pois/Air  0%         N/A       97%         3
 Ozocubu's Armour         Ice            0%         N/A       97%         3
 Vampiric Draining        Necr           0%         2d6       97%         3
 Olgreb's Toxic Radiance  Pois           0%         N/A       100%        4
 Agony                    Necr           0%         N/A       100%        5
 Freezing Cloud           Conj/Ice/Air   0%         6-21      100%        5
 Ozocubu's Refrigeration  Ice            0%         4d7       100%        7
 Cigotuvi's Dreadful Rot  Necr/Pois/Air  Unusable   N/A       N/A         2

Dungeon Overview and Level Annotations

Branches:
Dungeon (7/15)             Temple (0/1) D:4

Altars:
Hepliaklqana
Makhleb
Xom

Shops:
D:1 =   D:3 !   D:6 ?

Annotations:
D:3 1 runed translucent door, croobank's ghost, amateur OpFE


Innate Abilities, Weirdness & Mutations

Your life essence is reduced to manifest your ancestor. (-10% HP)
You are immune to sickness and miasma.
Your stone body is resilient. (AC +6)
You are immune to poison.
You resist negative energy. (rN+)
You are resistant to electric shocks. (rElec)
You are resistant to unholy torment.
You are immune to petrification.


Message History

Your Invocations skill increases to level 2!
You are too injured to fight recklessly!
Unknown command.
You are too injured to fight recklessly!
Smerklederkle hits the water moccasin with a +0 flail!
The water moccasin dies!
The kobold brigand hits smerklederkle but does no damage.
You see here a +0 club.
You are too injured to fight recklessly!
Unknown command.
You are too injured to fight recklessly!
Unknown command.
You are too injured to fight recklessly!
You barely miss the wight.
Smerklederkle blocks the kobold brigand's attack.
The wight hits you but does no damage.
Smerklederkle barely misses the kobold brigand.
The wight barely misses you.
The wight hits smerklederkle with a +0 hand axe.
You barely miss the wight.
The kobold brigand hits smerklederkle but does no damage.
The wight hits you from afar with a +2 spear!
The wight hits smerklederkle with a +0 hand axe.
The wight hits you but does no damage.
You slice the wight!! You burn the wight.
You destroy the wight!
Smerklederkle hits the kobold brigand with a +0 flail!
The kobold brigand hits smerklederkle with a +0 short sword!
The wight hits you from afar with a +2 spear.
* * * LOW HITPOINT WARNING * * *
The kobold brigand barely misses smerklederkle.
Smerklederkle hits the kobold brigand but does no damage.
Smerklederkle hits the kobold brigand with a +0 flail!
Smerklederkle blocks the kobold brigand's attack.
The wight attacks as it pursues you!
The wight hits you from afar with a +2 spear!
* * * LOW HITPOINT WARNING * * *
The wight attacks as it pursues you!
The wight hits you from afar with a +2 spear.
You die...

#..##........
#..#....[....
#..#.........
#..#)K)......
#..#R))......
#...)######## #.####
#.###################
#.z.@................
#####################


You could see a wight.

Vanquished Creatures
  Pikel (D:4)
  A black bear (D:5)
  2 phantoms (D:6)
  2 centaurs (D:6)
  A bullfrog (D:7)
  2 gnoll sergeants (D:5)
  2 scorpions
  6 wights
  A jelly (D:6)
  2 hounds (D:4)
  A gnoll bouda (D:4)
  3 iguanas
  A sleepcap (D:6)
  2 orc wizards
  8 gnolls
  5 adders
  A white imp (D:6)
  3 worms
  3 dart slugs
  13 orcs
  8 endoplasms
  2 giant cockroaches
  10 goblins
  10 hobgoblins
  4 jackals (D:2)
  9 kobolds
  3 quokkas
  6 ball pythons
  7 bats
  3 frilled lizards
  5 rats
127 creatures vanquished.

Vanquished Creatures (collateral kills)
  Edmund (D:6)
  A water moccasin (D:7)
  A black bear (D:5)
  An ice beast (D:5)
  An orc priest (D:5)
  6 gnolls
  4 orcs
  A kobold (D:7)
16 creatures vanquished.

Vanquished Creatures (others)
  An ancestor (D:4)
  A knight (D:6)
2 creatures vanquished.

Grand Total: 145 creatures vanquished

Notes
Turn   | Place    | Note
-------+----------+-------------------------------------------
     0 | D:1      | mattiecakes the Gargoyle Fighter began the quest for the
                  | Orb.
     0 | D:1      | Reached XP level 1. HP: 14/14 MP: 1/1
    46 | D:1      | Reached XP level 2. HP: 19/19 MP: 2/2
   147 | D:1      | Found Karhoy Maji's Jewellery Emporium.
   454 | D:1      | Reached XP level 3. HP: 24/24 MP: 3/3
  1435 | D:2      | Reached XP level 4. HP: 26/29 MP: 4/4
  2021 | D:3      | Found a faded altar of an unknown god.
  2080 | D:3      | Prayed at the altar of an unknown god.
  2080 | D:3      | Became a worshipper of Hepliaklqana the Forgotten
  2080 | D:3      | Reached * piety under Hepliaklqana
  2109 | D:3      | Found Memeac's Distillery.
  2115 | D:3      | Bought a potion of curing for 30 gold pieces
  2579 | D:3      | Found a runed translucent door.
  2584 | D:3      | Noticed a bullfrog
  2585 | D:3      | Noticed croobank's ghost (amateur OpFE)
  2899 | D:4      | Noticed a lemure
  2899 | D:4      | Noticed a lemure
  2900 | D:4      | Noticed a lemure
  2900 | D:4      | Noticed Pikel
  2904 | D:4      | Noticed a lemure
  2927 | D:4      | Found a burning altar of Makhleb.
  2939 | D:4      | Reached XP level 5. HP: 21/29 MP: 5/5
  2943 | D:4      | Killed Pikel
  2944 | D:4      | Reached skill level 5 in Fighting
  2944 | D:4      | Reached skill level 5 in Armour
  2944 | D:4      | Reached skill level 5 in Shields
  2944 | D:4      | Reached XP level 6. HP: 6/36 MP: 6/6
  2944 | D:4      | Reached XP level 7. HP: 6/39 MP: 7/7
  3270 | D:4      | Reached ** piety under Hepliaklqana
  3614 | D:4      | Found a staircase to the Ecumenical Temple.
  3640 | D:4      | Identified the +1 scale mail of Entitlement {rF+ Slay+3
                  | Stlth+}
  3662 | D:4      | Remembered your ancestor smerklederkle as a knight
  3968 | D:5      | Entered Level 5 of the Dungeon
  4086 | D:5      | Reached XP level 8. HP: 32/45 MP: 8/8
  4327 | D:5      | Identified the +8 hand axe "Qoulor" {flame, rC+ rCorr Dex-3
                  | SInv}
  4645 | D:5      | Found a shimmering altar of Xom.
  4834 | D:6      | Reached skill level 5 in Axes
  5117 | D:6      | Reached XP level 9. HP: 42/50 MP: 9/9
  5208 | D:6      | Noticed Edmund
  5229 | D:6      | Killed Edmund
  5349 | D:6      | Reached skill level 1 in Invocations
  5451 | D:6      | Reached *** piety under Hepliaklqana
  5457 | D:6      | Found Doarch's Magic Scroll Emporium.
  5464 | D:6      | Bought a scroll of identify for 24 gold pieces
  5464 | D:6      | Bought a scroll of identify for 24 gold pieces
  6061 | D:7      | Slain by a wight

Illustrated notes

Levels and vault maps discovered:
D:1:      lightli_arrival_statue_moat, layout_basic, serial_shops,
          nicolae_shop_tiny_real_fake_doors, minmay_misc_feat_secret_circle,
          minmay_misc_feat_pillars
D:2:      layout_basic, serial_glass, glass_columns_c, glass_columns_b,
          glass_columns_a, glass_columns_a, minmay_octomino_c4
D:3:      layout_basic, serial_shops, shop, ebering_ghost_sewer_d,
          hellmonk_ecumenical_altar_pennies_from_heaven
D:4:      layout_cave_pods, makhleb_heckhound_becter,
          minmay_temple_entry_enclosed_plants, hangedman_abyss_or_decor_stagger,
          uniq_pikel
D:5:      layout_rooms, xom_butterflies, grunt_decor_junction,
          kennysheep_generic_room_6
D:6:      layout_loops_corners, serial_shops,
          nicolae_shop_competitors_out_of_business, nicolae_benzene_ring,
          uniq_edmund
D:7:      wad_crossroads, layout_basic, lemuel_tele_altar

Skill      XL: |  1  2  3  4  5  6  7  8  9 |
---------------+----------------------------+-----
Axes           | 2 3 4 5 |  5.8
Armour         | 4 5 6 7 |  7.5
Shields        | 4 5 6 7 |  7.4
Fighting       | 4 5 6 7 |  7.5
Invocations    | 2 |  2.4

Action                     |  1- 3 |  4- 6 |  7- 9 || total
---------------------------+-------+-------+-------++-------
  Melee: War axe           |    95 |    90 |   171 ||   356
         Hand axe          |       |       |    10 ||    10
 Invoke: Ancestor Identity |       |     1 |       ||     1
         Ancestor Life: Kn |       |       |     1 ||     1
         Recall Ancestor   |       |       |     1 ||     1
    Use: Scroll            |       |     5 |     8 ||    13
         Potion            |       |     2 |     2 ||     4
   Stab: Distracted        |       |       |     2 ||     2
 Armour: Scale mail        |    30 |       |   155 ||   185
         Chain mail        |    31 |    92 |    47 ||   170
  Dodge: Dodged            |    39 |    38 |    81 ||   158
  Block: Buckler           |    18 |    37 |    61 ||   116

Table legend: (Time is in decaauts)
 A = Elapsed time spent in this place.
 B = Non-inter-level travel time spent in this place.
 C = Inter-level travel time spent in this place.
 D = Time resting spent in this place.
 E = Time spent auto-exploring this place.
 F = Levels seen in this place.
 G = Mean time per level.
                   A        B        C        D        E       F      G
               +--------+--------+--------+--------+--------+-----+--------+
         Total |   6190 |   5811 |    379 |    516 |   4157 |   7 |  884.3 |
       Dungeon |   6190 |   5811 |    379 |    516 |   4157 |   7 |  884.3 |
               +--------+--------+--------+--------+--------+-----+--------+

Top non-repeatable levels by time:
     D:4: 1173 daAuts
     D:2: 1167 daAuts
     D:6: 1130 daAuts
     D:3: 914 daAuts
     D:1: 882 daAuts
     D:5: 870 daAuts
     D:7: 51 daAuts
